 Dungeon Crawl Stone Soup version 0.24.0-123-gd5b16e6ec5 (webtiles) character file.

Game seed: 10122696984796885482, levelgen mode: deterministic

617 Ponchio the Digger (level 7, -2/36 HPs)
             Began as a Gargoyle Earth Elementalist on Dec 19, 2019.
             Killed by divine providence
             ... invoked by an orc priest
              (14 damage)
             ... on level 5 of the Dungeon.
             The game lasted 00:09:45 (4289 turns).

Ponchio the Digger (Gargoyle Earth Elementalist)    Turns: 4289, Time: 00:09:46

Health: -2/36      AC:  8    Str: 12    XL:     7   Next: 45%
Magic:  14/16      EV: 12    Int: 17    God:
Gold:   69         SH:  0    Dex: 10    Spells: 17/18 levels left

rFire    . . .     SeeInvis .   f - +0 short sword
rCold    . . .     Gourm    .   (no shield)
rNeg     + . .     Faith    .   c - +0 robe
rPois    ∞         Spirit   .   (no helmet)
rElec    +         Reflect  .   p - +0 cloak
rCorr    .         Harm     .   u - +0 pair of gloves
MR       .....                  (no boots)
Stlth    +++.......             (no amulet)
HPRegen  0.12/turn              i - ring of stealth
MPRegen  0.15/turn              (no ring)

@: no status effects
A: negative energy resistance 1, electricity resistance, unbreathing,
petrification resistance, rot immunity, AC +4
a: no special abilities


You were on level 5 of the Dungeon.
You were not hungry.

You visited 1 branch of the dungeon, and saw 5 of its levels.

You collected 144 gold pieces.
You spent 75 gold pieces at shops.

Inventory:

Hand Weapons
 f - a +0 short sword (weapon)
Missiles
 b - 81 stones (quivered)
Armour
 c - a +0 robe (worn)
 p - a +0 cloak (worn)
 u - a +0 pair of gloves (worn)
Jewellery
 i - a ring of stealth (left hand)
 r - an uncursed amulet of the acrobat {unknown}
Wands
 y - a wand of polymorph (8)
Scrolls
 a - a scroll of teleportation {unknown}
 e - 2 scrolls of amnesia {unknown}
 g - 5 scrolls of identify {unknown}
 j - a scroll of immolation {unknown}
 k - 4 scrolls of remove curse {unknown}
 l - 3 scrolls of fear {unknown}
 v - 2 scrolls of enchant weapon {unknown}
 w - a scroll of enchant armour {unknown}
 A - a scroll of blinking
Potions
 h - a potion of brilliance {unknown}
 m - 2 potions of curing {unknown}
 n - a potion of lignification {unknown}
 o - a potion of resistance {unknown}
 q - a potion of might {unknown}
 s - a potion of heal wounds {unknown}
 t - a potion of invisibility {unknown}
 x - a potion of haste {unknown}
 z - a potion of mutation {unknown}
Comestibles
 d - 11 rations
 B - a chunk of flesh


   Skills:
 - Level 1.5 Dodging
 - Level 2.1 Stealth
 * Level 6.1 Spellcasting
   Level 0.7 Transmutations
 + Level 6.4 Earth Magic


You had 17 spell levels left.
You knew the following spells:

 Your Spells              Type           Power        Failure   Level  Hunger
a - Sandblast             Erth           ####..       1%          1    None

Your spell library contained the following spells:

 Spells                   Type           Power        Failure   Level  Hunger
 Passwall                 Tmut/Erth      ###.....     4%          2    None
 Stone Arrow              Conj/Erth      ###...       10%         3    ##.....
 Lee's Rapid Deconstruct  Erth           ####......   24%         5    #####..
 Petrify                  Tmut/Erth      ###.....     28%         4    ####...


Dungeon Overview and Level Annotations

Branches:
Dungeon (5/15)
 Temple: D:4-7

Altars:
Fedhas
Trog
Uskayaw
Yredelemnul

Shops:
D:4 ?


Innate Abilities, Weirdness & Mutations

You are resistant to torment.
Your stone body is resilient. (AC +4)
You are immune to poison.
You resist negative energy. (rN+)
You are resistant to electric shocks. (rElec)
You can survive without breathing.
You are immune to petrification.
You are immune to rotting.


Message History

Aiming: Sandblast (safe; 1% risk of failure)
Press: ? - help, Shift-Dir - straight line, f - orc priest
Aim: an orc priest, wielding a +0 hand axe and wearing a +0 leather armour The blast of sand hits the orc priest!
The orc priest is heavily wounded.
b - 82 stones The orc wizard looks braver for a moment.
The hound skeleton closely misses you. The orc priest closely misses you.
Casting: Sandblast (safe; 1% risk of failure)
Confirm with . or Enter, or press ? or * to list all spells.
Aiming: Sandblast (safe; 1% risk of failure)
Press: ? - help, Shift-Dir - straight line, f/p - orc priest
Aim: an orc priest, wielding a +0 hand axe and wearing a +0 leather armour (heavily wounded)
The blast of sand hits the orc priest.
The orc priest is severely wounded.
b - 81 stones The hound skeleton misses you.
The orc priest mumbles some strange prayers to Beogh against you.
Beogh smites you!
You die...

##+##
##...##
##.....##
##.......##
#.........#
+.........+
#.....Z...#
##..?.o@.##
##...o.##
##...##
##+##


You could see an orc priest, an orc wizard and a hound skeleton.

Vanquished Creatures
  An ice beast (D:4)
  An ogre (D:4)
  Blork the orc (D:4)
  A scorpion (D:4)
  A bullfrog skeleton (D:4)
  A hound (D:4)
  An orc wizard (D:4)
  3 worker ants (D:4)
  4 gnolls (D:4)
  3 adders
  3 worms
  3 dart slugs
  3 leopard geckos
  5 orcs
  A ball python (D:3)
  6 bats
  3 giant cockroaches
  6 goblins
  14 hobgoblins
  5 jackals (D:1)
  9 kobolds
  2 quokkas
  4 frilled lizards
  A quokka skeleton (D:4)
  5 rats
87 creatures vanquished.

Notes
Turn   | Place    | Note
-------+----------+-------------------------------------------
     0 | D:1      | Ponchio the Gargoyle Earth Elementalist began the quest for
                  | the Orb.
     0 | D:1      | Reached XP level 1. HP: 10/10 MP: 3/3
    59 | D:1      | Reached XP level 2. HP: 15/15 MP: 0/5
   429 | D:1      | Reached XP level 3. HP: 14/19 MP: 4/7
  1017 | D:2      | Found a hide-covered altar of Uskayaw.
  1227 | D:2      | Reached XP level 4. HP: 23/24 MP: 9/9
  1367 | D:2      | Found a blossoming altar of Fedhas.
  2218 | D:3      | Found a bloodstained altar of Trog.
  2667 | D:4      | Reached XP level 5. HP: 21/28 MP: 2/11
  2854 | D:4      | Noticed an ogre
  2858 | D:4      | Killed an ogre
  2858 | D:4      | Reached skill level 5 in Earth Magic
  2870 | D:4      | Reached XP level 6. HP: 32/32 MP: 9/13
  3038 | D:4      | Noticed Blork the orc
  3044 | D:4      | Killed Blork the orc
  3044 | D:4      | Reached skill level 5 in Spellcasting
  3308 | D:4      | Found Fimm's Magic Scroll Boutique.
  3384 | D:4      | Noticed an ice beast
  3392 | D:4      | Killed an ice beast
  3392 | D:4      | Reached XP level 7. HP: 24/36 MP: 8/15
  3741 | D:4      | Found a basalt altar of Yredelemnul.
  4130 | D:4      | Bought a scroll of blinking for 75 gold pieces
  4202 | D:5      | Entered Level 5 of the Dungeon
  4289 | D:5      | Killed from afar by an orc priest

Levels and vault maps discovered:
D:1:      lightli_arrival_flooded_house, layout_rooms
D:2:      wad_river_or_something, layout_rooms, eat_drink_and_be_merry_uskayaw,
          old_standard_altar, minmay_misc_feat_encased
D:3:      layout_basic, nicolae_overflow_crystal_walls
D:4:      wander_river, layout_basic, kennysheep_mini, serial_shops, shop,
          first_ration, uniq_blork_the_orc
D:5:      layout_loops_corners, lemuel_round_altar

Skill      XL: |  1  2  3  4  5  6  7 |
---------------+----------------------+-----
Earth Magic    | 4 5 6 |  6.4
Spellcasting   | 3 4 5 6 |  6.1
Dodging        | |  1.5
Stealth        | |  2.1
Transmutations | |  0.7

Action                   |  1- 3 |  4- 6 |  7- 9 || total
-------------------------+-------+-------+-------++-------
Melee: Short sword       |   104 |   165 |    20 ||   289
 Cast: Sandblast         |    17 |    46 |    22 ||    85
 Stab: Sleeping          |     4 |     4 |     2 ||    10
  Eat: Chunk             |     1 |     7 |     3 ||    11
Armor: Robe              |    30 |    50 |    14 ||    94
Dodge: Dodged            |    81 |   133 |    34 ||   248
